 Dungeon Crawl Stone Soup version 0.30-a0-297-g0ec75d9ef4 (webtiles) character file.

Game seed: 15742185804020584672

1938 plokij the Shield-Bearer (level 8, -4/71 HPs)
             Began as a Minotaur Fighter on Oct 18, 2022.
             Was an Initiate of Okawaru.
             Slain by a killer bee (7 damage)
             ... on level 8 of the Dungeon.
             The game lasted 00:21:04 (6844 turns).

plokij the Shield-Bearer (Minotaur Fighter)         Turns: 6844, Time: 00:21:06

Health: -4/71      AC: 16    Str: 28    XL:     8   Next: 97%
Magic:  7/7        EV:  9    Int:  5    God:    Okawaru [......]
Gold:   378        SH:  5    Dex: 11    Spells: 7/7 levels left

rFire   . . .      SeeInvis .    a - +0 war axe
rCold   . . .      Faith    .    c - +0 buckler
rNeg    . . .      Spirit   .    C - +0 plate armour
rPois   .          Reflect  .    (helmet restricted)
rElec   .          Harm     .    n - +0 cloak
rCorr   .          Rampage  .    B - +0 pair of gloves
Will    .....                    k - +0 pair of boots
Stlth   ..........               (no amulet)
HPRegen 0.31/turn                A - +6 ring of strength
MPRegen 0.10/turn                (no ring)

@: lethally poisoned (-4 -> -18)
A: horns 2, retaliatory headbutt
a: Renounce Religion


You were on level 8 of the Dungeon.
You worshipped Okawaru.
Okawaru was noncommittal.
You visited 2 branches of the dungeon, and saw 9 of its levels.
You also visited: Sewer.

You collected 378 gold pieces.

Inventory:

Hand Weapons
 a - a +0 war axe (weapon)
 y - a +2 vorpal shortbow
Armour
 c - a +0 buckler (worn)
 k - a +0 pair of boots (worn)
 n - a +0 cloak (worn)
 B - a +0 pair of gloves (worn)
 C - a +0 plate armour (worn)
Jewellery
 t - the ring "Vaxka Cethriv" {rC+ Will+ rCorr Str-2 Dex+7}
   (You found it in a sewer)

   [ring of resist corrosion]

   Str:       It affects your strength (-2).
   Dex:       It affects your dexterity (+7).
   rC:        It protects you from cold.
   rCorr:     It protects you from acid and corrosion.
   Will:      It increases your willpower.
 A - a +6 ring of strength (left hand)
Wands
 v - a wand of light (8)
 E - a wand of roots (7)
Scrolls
 e - 9 scrolls of identify {unknown}
 f - a scroll of enchant armour {unknown}
 i - 2 scrolls of amnesia {unknown}
 j - 3 scrolls of butterflies {unknown}
 m - 2 scrolls of vulnerability {unknown}
 o - a scroll of enchant weapon {unknown}
 p - 4 scrolls of blinking {unknown}
 q - a scroll of poison {unknown}
 r - a scroll of brand weapon {unknown}
 s - 5 scrolls of teleportation {unknown}
 u - a scroll of silence {unknown}
 w - a scroll of noise {unknown}
 z - a scroll of magic mapping {unknown}
Potions
 b - a potion of resistance {unknown}
 d - a potion of might
 g - 3 potions of mutation {unknown}
 h - 3 potions of attraction {unknown}
 l - 2 potions of ambrosia {unknown}
 x - 3 potions of curing {unknown}
 D - a potion of brilliance {unknown}


   Skills:
 + Level 6.7 Fighting
 + Level 6.8 Axes
 + Level 6.7 Armour
 * Level 6.7 Dodging
 + Level 6.9 Shields


You had 7 spell levels left.
You didn't know any spells.
Your spell library contained the following spells:

 Spells                   Type           Power      Damage    Failure   Level
 Sandblast                Erth           0%         2d4       100%        1
 Cigotuvi's Dreadful Rot  Necr/Pois/Air  0%         N/A       100%        2
 Passwall                 Tmut/Erth      0%         N/A       100%        2
 Poisonous Vapours        Pois/Air       0%         N/A       100%        2
 Ignite Poison            Fire/Tmut/Pois 0%         N/A       100%        3
 Kindle Blastsparks       Fire/Tloc/Air  0%         2d10      100%        3
 Mephitic Cloud           Conj/Pois/Air  0%         N/A       100%        3
 Stone Arrow              Conj/Erth      0%         3d7       100%        3
 Freezing Cloud           Conj/Ice/Air   0%         6-21      100%        5


Dungeon Overview and Level Annotations

Branches:
Dungeon (8/15)             Temple (1/1) D:6           Sewer (visited)
   Lair: D:8-11

Altars:
Ashenzari
Dithmenos
Fedhas
Gozag
Hepliaklqana
Kikubaaqudgha
Makhleb
Nemelex Xobeh
Okawaru
Qazlal
Ru
Sif Muna
Trog
Uskayaw
Vehumet
Wu Jian
Xom
Yredelemnul
Zin

Shops:
D:3 =

Annotations:
D:7 Menkaure


Innate Abilities, Weirdness & Mutations

You have a pair of horns on your head.
You reflexively headbutt those who attack you in melee.


Message History

Okawaru accepts your kill.
The killer bee stings you but does no damage.
The killer bee stings you. The killer bee closely misses you.
You furiously retaliate!
You headbutt the killer bee!
You kill the killer bee!
Okawaru accepts your kill. The killer bee stings you!
* * * LOW HITPOINT WARNING * * *
You are more poisoned.
The killer bee poisons you! The killer bee barely misses you.
The killer bee stings you but does no damage.
You closely miss the killer bee. You headbutt the killer bee!
The killer bee is heavily wounded.
You barely miss the killer bee.
* * * LOW HITPOINT WARNING * * *
You feel very sick.
The killer bee stings you but does no damage. x4
You miss the killer bee.
The killer bee is heavily wounded.
You closely miss the killer bee.
* * * LOW HITPOINT WARNING * * *
You feel very sick. The killer bee stings you.
* * * LOW HITPOINT WARNING * * *
You are lethally poisoned!
The killer bee poisons you! The killer bee closely misses you. x2
You block the killer bee's attack.
You slice the killer bee!!
You kill the killer bee!
Okawaru accepts your kill.
You closely miss the killer bee.
* * * LOW HITPOINT WARNING * * *
You feel very sick. The killer bee stings you.
* * * LOW HITPOINT WARNING * * *
The killer bee stings you but does no damage.
You block the killer bee's attack.
The killer bee stings you but does no damage.
The killer bee stings you!
You die...

####
#..
#†###
#@y)#
#y#.#
#.# #
#..
####


You could see 2 killer bees.

Vanquished Creatures
  A troll (D:6)
  Duvessa (D:6)
  A black bear (D:5)
  An orc warrior (D:5)
  2 centaurs
  Blork the orc (D:5)
  2 bullfrogs
  A necrophage (D:6)
  3 scorpions
  Dowan (D:6)
  4 killer bees (D:8)
  3 jellies
  3 orc priests
  Crazy Yiuf (D:6)
  2 iguanas
  Jessica (D:2)
  Natasha (thrice) (D:2)
  An orc wizard (D:5)
  Robin (D:2)
  14 adders
  A shadow imp (D:5)
  2 worms
  A dart slug (D:2)
  16 orcs
  17 ball pythons
  15 endoplasms
  9 giant cockroaches
  7 hobgoblins
  6 quokkas
  2 bats (D:1)
  10 frilled lizards
  19 goblins
  5 kobolds
  5 rats
162 creatures vanquished.

Vanquished Creatures (others)
  A plant (D:2)
1 creature vanquished.

Grand Total: 163 creatures vanquished

Notes
Turn   | Place    | Note
-------+----------+-------------------------------------------
     0 | D:1      | plokij the Minotaur Fighter began the quest for the Orb.
     0 | D:1      | Reached XP level 1. HP: 19/19 MP: 0/0
   266 | D:1      | Reached XP level 2. HP: 27/27 MP: 1/1
   696 | D:2      | Reached skill level 1 in Dodging
   730 | D:2      | Reached XP level 3. HP: 24/33 MP: 2/2
  1027 | D:2      | Noticed Robin
  1040 | D:2      | Killed Robin
  1041 | D:2      | Reached XP level 4. HP: 39/40 MP: 3/3
  1399 | D:2      | You fall into a shaft and drop 2 floors!
  1459 | D:3      | Found a glowing drain.
  1484 | D:3      | Reached XP level 5. HP: 43/46 MP: 4/4
  1489 | Sewer    | Entered a sewer
  1765 | Sewer    | Reached XP level 6. HP: 51/53 MP: 5/5
  1768 | Sewer    | Identified the ring "Vaxka Cethriv" {rC+ Will+ rCorr Str-2
                  | Dex+7}
  1843 | D:2      | Noticed Natasha
  1849 | D:2      | Killed Natasha
  1976 | D:2      | Noticed Natasha
  1990 | D:2      | Killed Natasha
  2140 | D:2      | Noticed Jessica
  2144 | D:2      | Killed Jessica
  2291 | D:2      | Noticed Natasha
  2300 | D:2      | Killed Natasha
  2301 | D:2      | Reached skill level 5 in Axes
  2615 | D:3      | Reached skill level 5 in Shields
  2834 | D:3      | Found Pukhaxul's Jewellery Emporium.
  3148 | D:4      | Reached skill level 5 in Fighting
  3501 | D:4      | Reached skill level 5 in Armour
  3628 | D:5      | Entered Level 5 of the Dungeon
  3675 | D:5      | Reached XP level 7. HP: 61/61 MP: 6/6
  3931 | D:5      | Identified the +6 short sword of Impatience {venom, Dex+8}
  4234 | D:5      | Found a sacrificial altar of Ru.
  4235 | D:5      | Found an opulent altar of Gozag.
  4689 | D:5      | Reached skill level 5 in Dodging
  5124 | D:6      | Found a hazy altar of Hepliaklqana.
  5133 | D:6      | Reached XP level 8. HP: 60/70 MP: 7/7
  5136 | D:6      | Noticed Blork the orc
  5210 | D:5      | Killed Blork the orc
  5398 | D:6      | Noticed a troll
  5406 | D:6      | Killed a troll
  5531 | D:6      | Found a staircase to the Ecumenical Temple.
  5534 | D:6      | Noticed Dowan
  5536 | D:6      | Noticed Duvessa
  5544 | Temple   | Entered the Ecumenical Temple
  5665 | Temple   | Became a worshipper of Warmaster Okawaru
  5710 | D:6      | Killed Duvessa
  5727 | D:6      | Killed Dowan
  6563 | D:6      | Found a runed translucent door.
  6564 | D:6      | Noticed Crazy Yiuf
  6569 | D:6      | Killed Crazy Yiuf
  6830 | D:7      | Noticed Menkaure
  6844 | D:8      | HP: 3/71 [killer bee (2)]
  6844 | D:8      | Slain by a killer bee

Illustrated notes

Levels and vault maps discovered:
D:1:      minmay_arrival_diagonal_passages, layout_rooms,
          kennysheep_minor_cross, minmay_pentomino_w2
D:2:      minmay_evil_eye, layout_basic, corexii_shack, lightli_corner_chamber,
          uniq_robin, uniq_natasha, uniq_jessica
D:3:      layout_rooms, gup_sewer_entry_glass, serial_shops,
          nicolae_shop_behind_doors
D:4:      layout_loops_ring
D:5:      layout_gridville, mainiacjoe_overflow_divided_tiny
D:6:      layout_layer_cave, mainiacjoe_overflow_tiny_flanked,
          minmay_temple_entry_slanted, grunt_ministairs_4, eino_curves_04,
          amcnicky_mini_corridor_feature, hangedman_decor_diamond_cutter,
          uniq_blork_the_orc, uniq_duvessa, uniq_crazy_yiuf_cottage
D:7:      layout_basic, uniq_prince_ribbit1, uniq_menkaure
D:8:      layout_basic, mainiacjoe_overflow_big_doors
Temple:   kb_temple_of_zot

Skill      XL: |  1  2  3  4  5  6  7  8 |
---------------+-------------------------+-----
Axes           | 3 4 5 6 |  6.8
Dodging        | 1 2 3 5 6 |  6.7
Shields        | 4 5 6 |  6.9
Fighting       | 4 5 6 |  6.7
Armour         | 4 5 6 |  6.7

Action                   |  1- 3 |  4- 6 |  7- 9 || total
-------------------------+-------+-------+-------++-------
Melee: War axe           |   119 |   161 |   116 ||   396
       Headbutt          |     9 |    21 |    21 ||    51
Armor: Scale mail        |    59 |    77 |       ||   136
       Chain mail        |       |    26 |    23 ||    49
       Plate armour      |       |       |    49 ||    49
Dodge: Dodged            |    50 |   100 |    64 ||   214
Block: Buckler           |    36 |    53 |    41 ||   130

Table legend: (Time is in decaauts)
 A = Elapsed time spent in this place.
 B = Non-inter-level travel time spent in this place.
 C = Inter-level travel time spent in this place.
 D = Time resting spent in this place.
 E = Time spent auto-exploring this place.
 F = Levels seen in this place.
 G = Mean time per level.
                   A        B        C        D        E       F      G
               +--------+--------+--------+--------+--------+-----+--------+
         Total |   7046 |   5798 |   1248 |    495 |   3886 |  10 |  704.6 |
       Dungeon |   6502 |   5299 |   1203 |    495 |   3681 |   8 |  812.8 |
        Temple |    152 |    107 |     45 |      0 |     92 |   1 |  152.0 |
         Sewer |    391 |    391 |      0 |      0 |    113 |   1 |  391.0 |
               +--------+--------+--------+--------+--------+-----+--------+

Top non-repeatable levels by time:
     D:5: 1558 daAuts
     D:2: 1549 daAuts
     D:6: 1467 daAuts
     D:4: 693 daAuts
     D:1: 682 daAuts
     D:3: 520 daAuts
   Sewer: 391 daAuts
  Temple: 152 daAuts
     D:7: 18 daAuts
     D:8: 12 daAuts
